 Dungeon Crawl Stone Soup version 0.28.0-45-g0d030f2227 (webtiles) character file.

Game seed: 766703676225502271

36002 protoss039 the Thaumaturge (level 13, -20/78 HPs)
             Began as a Gargoyle Earth Elementalist on Apr 15, 2022.
             Was a Believer of Vehumet.
             Killed by an exploding elephant (54 damage)
             ... ignited by their inner flame
             ... on level 2 of the Lair of Beasts.
             The game lasted 00:53:10 (26336 turns).

protoss039 the Thaumaturge (GrEE)                  Turns: 26336, Time: 00:53:11

Health: -20/78     AC: 24    Str: 13    XL:     13   Next: 87%
Magic:  1/28       EV: 11    Int: 20    God:    Vehumet [**....]
Gold:   939        SH:  5    Dex: 10    Spells: 20/34 levels left

rFire   . . .      SeeInvis .   y - +3 flail (vorpal)
rCold   . . .      Faith    .   (no shield)
rNeg    + . .      Spirit   .   k - +2 ring mail {Will+}
rPois   ∞          Reflect  +   J - +2 hat
rElec   +          Harm     .   d - +0 cloak
rCorr   .          Rampage  .   E - +0 pair of gloves
Will    ++...                   b - +0 pair of boots
Stlth   +.........              H - amulet of reflection
HPRegen 0.23/turn               l - ring of flight
MPRegen 0.21/turn               F - ring of willpower

@: flying, very slightly contaminated
A: sickness immunity, AC +9, negative energy resistance 1, electricity
resistance, torment resistance 1, petrification resistance
a: Renounce Religion


You were on level 2 of the Lair of Beasts.
You worshipped Vehumet.
Vehumet was pleased with you.
You visited 3 branches of the dungeon, and saw 15 of its levels.
You also visited: Bailey.

You collected 939 gold pieces.

Inventory:

Hand Weapons
 y - a +3 vorpal flail (weapon)
 C - a +4 bardiche of flaming
Missiles
 c - 160 stones
 A - 4 throwing nets
Armour
 b - a +0 pair of boots (worn)
 d - a +0 cloak (worn)
 e - +0 acid dragon scales
 k - a +2 ring mail of willpower (worn)
 D - a +0 kite shield
 E - a +0 pair of gloves (worn)
 J - a +2 hat (worn)
 M - a +1 robe of the Archmagi
Jewellery
 l - a ring of flight (left hand)
 F - a ring of willpower (right hand)
 H - an amulet of reflection (around neck)
 N - a ring of protection from cold
 S - an amulet of regeneration
Wands
 n - a wand of polymorph (27)
 u - a wand of acid (21)
 O - a wand of iceblast (6)
Scrolls
 a - a scroll of brand weapon {unknown}
 f - 6 scrolls of fog
 g - a scroll of torment {unknown}
 h - 3 scrolls of summoning {unknown}
 i - a scroll of noise {unknown}
 j - a scroll of fear {unknown}
 m - 4 scrolls of immolation
 r - 2 scrolls of enchant armour {unknown}
 v - 4 scrolls of magic mapping
 w - 2 scrolls of enchant weapon
 G - 4 scrolls of teleportation
 I - 2 scrolls of holy word
 R - a scroll of amnesia {unknown}
Potions
 o - 2 potions of brilliance {unknown}
 p - 3 potions of cancellation
 q - 2 potions of curing
 s - 6 potions of heal wounds
 t - a potion of berserk rage {unknown}
 x - 3 potions of ambrosia
 z - 2 potions of flight {unknown}
 B - a potion of experience
 K - a potion of might {unknown}
 L - a potion of lignification {unknown}
 P - a potion of degeneration {unknown}
 Q - a potion of haste


   Skills:
 + Level 8.1 Fighting
 + Level 8.0 Armour
 - Level 3.0 Dodging
 - Level 3.0 Stealth
 * Level 8.9 Shields
 * Level 11.2 Spellcasting
 + Level 9.0 Conjurations
 + Level 5.8 Transmutations
 - Level 6.0 Fire Magic
 + Level 11.2 Earth Magic


You had 20 spell levels left.
You knew the following spells:

 Your Spells              Type           Power      Damage    Failure   Level
a - Sandblast             Erth           100%       2d20      1%          1
b - Passwall              Tmut/Erth      37%        N/A       1%          2
c - Stone Arrow           Conj/Erth      100%       3d13      1%          3
d - Petrify               Tmut/Erth      45%        N/A       3%          4
e - Foxfire               Conj/Fire      100%       2x1d9     1%          1
f - Inner Flame           Hex/Fire       23%        N/A       11%         3

Your spell library contained the following spells:

 Spells                   Type           Power      Damage    Failure   Level
 Shock                    Conj/Air       100%       1d9       1%          1
 Conjure Flame            Conj/Fire      41%        6-21      1%          3
 Sting                    Tmut/Pois      92%        1d7       3%          1
 Flame Wave               Conj/Fire      41%        2d9       5%          4
 Animate Skeleton         Necr           22%        N/A       12%         1
 Apportation              Tloc           22%        N/A       12%         1
 Pain                     Necr           44%        1d6       12%         1
 Slow                     Hex            44%        N/A       12%         1
 Irradiate                Conj/Tmut      20%        3d20      16%         5
 Poisonous Vapours        Pois/Air       22%        N/A       19%         2
 Blade Hands              Tmut           17%        N/A       28%         5
 Confusing Touch          Hex            11%        N/A       34%         3
 Vampiric Draining        Necr           11%        2d6       34%         3
 Alistair's Intoxication  Tmut/Pois      15%        N/A       67%         5
 Olgreb's Toxic Radiance  Pois           11%        N/A       75%         4
 Agony                    Necr           11%        N/A       97%         5
 Excruciating Wounds      Necr           5%         N/A       97%         5
 Summon Forest            Summ/Tloc      5%         N/A       97%         5
 Summon Mana Viper        Hex/Summ       11%        N/A       97%         5
 Summon Cactus Giant      Summ           5%         N/A       100%        6
 Dragon Form              Tmut           17%        N/A       100%        7
 Ozocubu's Refrigeration  Ice            5%         4d6       100%        7
 Ignition                 Fire           17%        3d7       100%        8


Dungeon Overview and Level Annotations

Branches:
Dungeon (12/15)            Temple (1/1) D:5            Lair (2/6) D:10
    Orc (0/2) D:10         Bailey (visited)
  Swamp: Lair:2-4    Shoals: Lair:2-4     Snake: Lair:2-4    Spider: Lair:2-4

Altars:
Ashenzari
Cheibriados
Dithmenos
Elyvilon
Fedhas
Gozag
Hepliaklqana
Kikubaaqudgha
Makhleb
Nemelex Xobeh
Okawaru
Qazlal
Ru
Sif Muna
Trog
Uskayaw
Vehumet
Wu Jian
Xom
Yredelemnul
Zin
The Shining One

Annotations:
D:6 2 runed translucent doors, Arpeggio's ghost, novice MiFi
D:10 3 runed translucent doors, PeMo's ghost, journeyman HOBe
D:12 Rupert


Innate Abilities, Weirdness & Mutations

You are immune to sickness and miasma.
Your stone body is resilient. (AC +9)
You are immune to poison.
You resist negative energy. (rN+)
You are resistant to electric shocks. (rElec)
You are resistant to unholy torment.
You are immune to petrification.


Message History

Unknown command.
Unknown command.
Unknown command.
Unknown command.
Casting: Foxfire (safe; 1% risk of failure)
Confirm with . or Enter, or press ? or * to list all spells.
You conjure some foxfire!
The foxfire hits the elephant but does no damage.
The elephant is almost dead.
The foxfire hits the elephant but does no damage.
The elephant is almost dead.
The foxfire hits the elephant but does no damage.
The elephant is almost dead.
Unknown command.
Unknown command.
The foxfire hits the elephant but does no damage.
The elephant is almost dead.
Unknown command.
Casting: Foxfire (safe; 1% risk of failure)
Confirm with . or Enter, or press ? or * to list all spells.
You conjure some foxfire!
The elephant closely misses you.
The elephant trunk-slaps you but does no damage.
Unknown command.
Your foxfire dissipates!
You feel yourself speed up. The elephant completely misses you.
The elephant barely misses you.
Unknown command.
Unknown command.
Unknown command.
Unknown command.
Casting: Foxfire (safe; 1% risk of failure)
Confirm with . or Enter, or press ? or * to list all spells.
Aiming: Sandblast (safe; 1% risk of failure)
Press: ? - help, Shift-Dir - straight line, p - elephant The blast of sand hits the elephant!
Vehumet accepts your kill.
The elephant explodes!
The fiery explosion engulfs you!!!
Ouch! That really hurt!
You die...

..P.....#.#...#.#.# ....####.##.
....#.....#...#.#.####...#.####..
#...#...#...#...#..#.##...#####..
#.#.#.....#.......#...#.....8....
..#.#...P.........##...##.......#
......#.P.....#.........#.#.>.##.
#.#...#...........§#...##..#.##..
#.#...#.#...#.#.#.#....##......##
#.#.....#.#...P.@......##.#.##..#
....#.#...#..>.....#.#....#.....#
#.......P.P.............†.#.##..#
....#.......#.....##......#.PP.##
....#...#.....#...##......#....##
..#.....:.#...#........##......##
..........#.#.#...PP....P........
..P.#.........P.#.##.............
..#.#...#...P...#.##...#.........


There were no monsters in sight!

Vanquished Creatures
  Gastronok (Lair:1)
  Josephine (D:11)
  Erolcha (D:11)
  Harold (D:9)
  An ogre mage (D:9)
  3 hydras (Lair:1)
  7 two-headed ogres
  Urug (Lair:1)
  A cyclops (D:9)
  2 manticores
  An ugly thing (D:10)
  6 elephants (Lair:2)
  2 centaur zombies
  A gargoyle (D:11)
  An unseen horror (D:12)
  2 komodo dragons
  5 kobold demonologists
  5 cane toads
  4 trolls
  A hornet (D:6)
  8 blink frogs
  A shadow (D:12)
  Sigmund (D:2)
  4 wraiths
  A water elemental (D:12)
  20 yaks
  A basilisk (Lair:2)
  Eustachio (D:5)
  2 wyverns (D:10)
  A vampire mosquito (D:10)
  Menkaure (D:7)
  7 wargs (D:9)
  Edmund (D:6)
  2 acid dragons
  5 water moccasins
  A black bear (Lair:1)
  An ice beast (D:4)
  23 orc warriors
  A sky beast (D:7)
  5 ogres
  2 necrophages
  19 wolves
  10 centaurs
  A phantom (D:4)
  9 kobold brigands
  9 bullfrogs
  6 gnoll sergeants
  3 scorpions
  A water moccasin zombie (D:5)
  8 killer bees
  15 howler monkeys
  2 electric eels (D:12)
  3 hounds
  A bullfrog zombie (D:6)
  3 gnoll shamans (D:9)
  3 centaur skeletons
  A bullfrog skeleton (D:5)
  9 orc priests
  2 iguanas (D:5)
  Natasha (thrice) (D:2)
  10 orc wizards
  A scorpion zombie (D:5)
  6 adders
  14 gnolls
  A white imp (D:6)
  An adder skeleton (D:4)
  6 worms
  4 dart slugs
  43 orcs
  6 endoplasms
  A giant cockroach (D:1)
  9 goblins
  10 hobgoblins
  9 jackals
  6 quokkas
  A ball python (D:1)
  10 bats
  8 frilled lizards
  19 kobolds
  4 rats
413 creatures vanquished.

Vanquished Creatures (collateral kills)
  2 foxfires (Lair:2)
2 creatures vanquished.

Vanquished Creatures (others)
  329 foxfires
  4 fungi
  32 plants
365 creatures vanquished.

Grand Total: 780 creatures vanquished

Notes
Turn   | Place    | Note
-------+----------+-------------------------------------------
     0 | D:1      | protoss039 the Gargoyle Earth Elementalist began the quest
                  | for the Orb.
     0 | D:1      | Reached XP level 1. HP: 10/10 MP: 3/3
   342 | D:1      | Reached XP level 2. HP: 13/15 MP: 5/5
  1032 | D:1      | Reached skill level 1 in Transmutations
  1035 | D:1      | Found a faded altar of an unknown god.
  1042 | D:1      | Reached XP level 3. HP: 17/19 MP: 6/6
  1922 | D:1      | Learned a level 2 spell: Passwall
  1926 | D:1      | Learned a level 3 spell: Stone Arrow
  2431 | D:2      | Noticed Natasha
  2435 | D:2      | Killed Natasha
  2436 | D:2      | Reached XP level 4. HP: 24/24 MP: 5/7
  2540 | D:2      | Noticed Sigmund
  2745 | D:2      | Killed Sigmund
  2746 | D:2      | Reached skill level 5 in Earth Magic
  2746 | D:2      | Reached XP level 5. HP: 18/28 MP: 2/9
  2746 | D:2      | Reached XP level 6. HP: 21/32 MP: 2/10
  2905 | D:2      | Noticed Natasha
  3205 | D:2      | Killed Natasha
  3248 | D:2      | Noticed Natasha
  3256 | D:2      | Killed Natasha
  3405 | D:3      | Learned a level 4 spell: Petrify
  4543 | D:4      | Reached skill level 1 in Conjurations
  4623 | D:4      | Reached skill level 1 in Fighting
  4623 | D:4      | Reached skill level 1 in Armour
  4623 | D:4      | Reached XP level 7. HP: 25/38 MP: 3/12
  5300 | D:5      | Entered Level 5 of the Dungeon
  5657 | D:5      | Reached XP level 8. HP: 45/45 MP: 8/14
  5901 | D:5      | Found a staircase to the Ecumenical Temple.
  5901 | D:5      | Noticed Eustachio
  5913 | D:5      | Killed Eustachio
  5996 | Temple   | Entered the Ecumenical Temple
  7153 | D:5      | Learned a level 1 spell: Foxfire
  7157 | D:5      | Learned a level 3 spell: Inner Flame
  7247 | D:6      | Found a large runed translucent door.
  7248 | D:6      | Found a large runed translucent door.
  7249 | D:6      | Noticed Arpeggio's ghost (novice MiFi)
  7260 | D:6      | Reached skill level 5 in Spellcasting
  7574 | D:6      | Reached skill level 1 in Fire Magic
  8085 | D:6      | Noticed Edmund
  8139 | D:6      | Killed Edmund
  8140 | D:6      | Reached XP level 9. HP: 44/50 MP: 1/17
  8498 | D:6      | Noticed a hornet
  8511 | D:6      | Killed a hornet
  9039 | D:7      | Found a flagged portal.
  9158 | Bailey   | Entered a bailey
 10103 | Bailey   | Reached skill level 5 in Conjurations
 10707 | Bailey   | Reached XP level 10. HP: 49/56 MP: 6/21
 11868 | D:7      | Noticed Menkaure
 11870 | D:7      | Killed Menkaure
 12986 | D:8      | Reached skill level 1 in Shields
 14327 | D:9      | Reached XP level 11. HP: 52/62 MP: 7/23
 14482 | D:9      | Noticed Harold
 14498 | D:9      | Killed Harold
 14616 | D:8      | Reached skill level 5 in Armour
 14678 | D:9      | Noticed a two-headed ogre
 14686 | D:9      | Killed a two-headed ogre
 14687 | D:9      | Reached skill level 5 in Fighting
 15001 | D:9      | Noticed an ogre mage
 15492 | D:9      | Killed an ogre mage
 15580 | D:9      | Noticed a two-headed ogre
 15593 | D:9      | Killed a two-headed ogre
 15954 | D:9      | Noticed a two-headed ogre
 15976 | D:9      | Noticed a soul eater
 16475 | D:9      | Noticed a cyclops
 16480 | D:9      | Killed a cyclops
 16942 | D:9      | Reached skill level 5 in Shields
 16976 | D:9      | Killed a two-headed ogre
 16977 | D:9      | Reached XP level 12. HP: 70/70 MP: 14/25
 17408 | D:9      | Noticed a sun demon
 17642 | D:10     | Entered Level 10 of the Dungeon
 17648 | D:10     | Found a staircase to the Lair.
 17733 | D:10     | Reached skill level 10 in Earth Magic
 17926 | D:10     | Found a runed translucent gate.
 17926 | D:10     | Found a runed translucent gate.
 17927 | D:10     | Found a runed translucent gate.
 17929 | D:10     | Noticed PeMo's ghost (journeyman HOBe)
 18101 | D:10     | Found a staircase to the Orcish Mines.
 18125 | D:10     | Reached skill level 5 in Fire Magic
 18793 | D:10     | Reached skill level 10 in Spellcasting
 18837 | D:10     | Found an ancient bone altar of Kikubaaqudgha.
 19392 | D:10     | Found a radiant altar of Vehumet.
 19397 | D:10     | Found a burning altar of Makhleb.
 19399 | D:10     | Found a glowing golden altar of the Shining One.
 19475 | D:10     | Became a worshipper of Vehumet
 19541 | D:10     | Noticed a two-headed ogre
 19571 | D:10     | Killed a two-headed ogre
 20465 | D:11     | Noticed a two-headed ogre
 20470 | D:11     | Killed a two-headed ogre
 20506 | D:11     | Noticed Josephine
 20807 | D:11     | Noticed Erolcha
 20814 | D:11     | Killed Erolcha
 20815 | D:11     | Reached skill level 5 in Transmutations
 21412 | D:11     | Killed Josephine
 21673 | D:11     | Reached XP level 13. HP: 73/76 MP: 15/27
 23033 | D:12     | Noticed Rupert
 23114 | Lair:1   | Entered Level 1 of the Lair of Beasts
 23253 | Lair:1   | Noticed Urug
 23256 | Lair:1   | Killed Urug
 23452 | Lair:1   | Noticed Gastronok
 23490 | Lair:1   | Reached * piety under Vehumet
 23490 | Lair:1   | Offered knowledge of Magic Dart by Vehumet.
 24067 | Lair:1   | Identified the +5 ring mail of Utoxauw {+Inv Dex-3 Stlth+}
 25006 | Lair:1   | Killed Gastronok
 25487 | Lair:2   | Offered knowledge of Shock by Vehumet.
 26322 | Lair:2   | Reached ** piety under Vehumet
 26336 | Lair:2   | Killed by an exploding elephant... ignited by their inner
                  | flame

Illustrated notes

Levels and vault maps discovered:
D:1:      dpeg_arrival_short_road, layout_loops_ring,
          ebering_ecumenical_altar_rust
D:2:      minmay_chambers_of_ones, layout_basic, kennysheep_potato,
          uniq_sigmund, uniq_natasha
D:3:      layout_loops_ring, st_stairs_14
D:4:      layout_loops_ring, minmay_misc_feat_diagonals, minmay_crystal_water
D:5:      lemuel_ice_spiral_2, layout_basic, minmay_temple_entry_large_hall,
          grunt_ministairs_6, st_stairs_8, uniq_eustachio
D:6:      layout_basic, ebering_ghost_disaster_area, minmay_liquid_box,
          uniq_edmund
D:7:      layout_cave_pods, enter_bailey_4, uniq_menkaure
D:8:      layout_loops_cross
D:9:      lemuel_castle_with_subvaults [lemuel_castle_interior_carwin_1],
          layout_stronghold, uniq_harold
D:10:     layout_basic, minitemple, lemuel_coloured_pillars_altar,
          lair_entry_dummy, kennysheep_orc_monster_closet_entryway,
          gammafunk_ghost_spectres, minmay_fractal_squares_gapless_5
D:11:     layout_cave_pools, uniq_erolcha, uniq_josephine
D:12:     layout_basic, serial_bayou, serial_bayou_pond_b, serial_bayou_pond_b,
          serial_bayou_crossing, serial_bayou_pond_a, uniq_rupert
Temple:   regret_index_temple_mists
Lair:1:   layout_roguey, uniq_gastronok, uniq_urug
Lair:2:   layout_long_grid, grunt_megastairs_5

Skill      XL: |  1  2  3  4  5  6  7  8  9 10 11 12 13 |
---------------+----------------------------------------+-----
Dodging        | 2 3 |  3.0
Transmutations | 1 2 3 4 5 |  5.8
Stealth        | 3 |  3.0
Earth Magic    | 4 5 6 8 9 10 11 | 11.2
Spellcasting   | 3 4 5 7 8 9 10 11 | 11.2
Conjurations   | 1 2 3 5 6 7 8 9 |  9.0
Fighting       | 1 2 3 4 6 7 8 |  8.1
Armour         | 1 2 3 4 6 7 8 |  8.0
Fire Magic     | 2 3 4 5 6 |  6.0
Shields        | 2 5 7 8 |  8.9

Action                   |  1- 3 |  4- 6 |  7- 9 | 10-12 | 13-15 || total
-------------------------+-------+-------+-------+-------+-------++-------
Melee: Unarmed           |    41 |       |       |       |       ||    41
       Dagger            |    30 |       |       |       |       ||    30
       Short sword       |   116 |   130 |   102 |       |       ||   348
       Punch             |     3 |     2 |     3 |       |       ||     8
       Rapier            |       |       |    43 |       |       ||    43
       Flail             |       |       |    29 |    41 |    14 ||    84
 Cast: Sandblast         |    12 |    34 |    59 |    69 |    22 ||   196
       Stone Arrow       |       |     2 |   118 |   224 |    61 ||   405
       Foxfire           |       |       |     4 |   100 |    86 ||   190
       Inner Flame       |       |       |       |    72 |    48 ||   120
       Petrify           |       |       |       |     6 |     1 ||     7
Evoke: Wand              |       |       |       |     1 |       ||     1
  Use: Scroll            |       |     1 |     6 |     4 |     2 ||    13
 Stab: Sleeping          |     2 |     1 |       |       |       ||     3
       Petrified         |       |       |       |     3 |       ||     3
Armor: Scale mail        |    73 |       |       |       |       ||    73
       Robe              |     6 |       |       |       |       ||     6
       Ring mail         |    40 |    66 |   137 |   112 |    47 ||   402
Dodge: Dodged            |   128 |    81 |   186 |   115 |    31 ||   541
Block: Other             |       |       |       |    15 |    19 ||    34
       Reflection        |       |       |       |     6 |       ||     6
